 Dungeon Crawl Stone Soup version 0.28.0-53-g5a82cb258f (webtiles) character file.

Game seed: 9037981217769084885

95 gobodom the Stinger (level 4, -1/31 HPs)
             Began as a Demonspawn Venom Mage on June 7, 2022.
             Slain by a gnoll
             ... wielding a +0 halberd
              (14 damage)
             ... on level 3 of the Dungeon.
             The game lasted 00:10:29 (1585 turns).

gobodom the Stinger (Demonspawn Venom Mage)         Turns: 1585, Time: 00:10:34

Health: -1/31      AC:  3    Str:  9 (10) XL:     4   Next: 40%
Magic:  4/7        EV: 12    Int: 15 (16) God:
Gold:   51         SH:  5    Dex: 11 (12) Spells: 7/8 levels left

rFire   + . .      SeeInvis .   b - +0 demon whip (freeze)
rCold   . . .      Faith    .   (no shield)
rNeg    . . .      Spirit   .   a - +0 robe
rPois   .          Reflect  +   (helmet restricted)
rElec   .          Harm     .   (no cloak)
rCorr   .          Rampage  .   (no gloves)
Will    .....                   h - +0 pair of boots
Stlth   ++........              d - amulet of reflection
HPRegen 0.90/turn               e - ring of flight
MPRegen 0.10/turn               (no ring)

@: flying
A: horns 2, weakness stinger 1, clumsy 1, fire resistance 1, regeneration 1
a: no special abilities


You were on level 3 of the Dungeon.
You visited 1 branch of the dungeon, and saw 3 of its levels.

You collected 51 gold pieces.

Inventory:

Hand Weapons
 b - a +0 demon whip of freezing (weapon)
Missiles
 f - 34 stones (quivered)
 g - a throwing net
Armour
 a - a +0 robe (worn)
 h - a +0 pair of boots (worn)
Jewellery
 d - an amulet of reflection (around neck)
 e - a ring of flight (left hand)
Potions
 i - a potion of heal wounds


   Skills:
 + Level 0.4 Fighting
 + Level 1.2 Maces & Flails
 + Level 2.1 Dodging
 + Level 2.0 Stealth
 + Level 0.1 Shields
 + Level 2.5 Spellcasting
 + Level 1.6 Transmutations
 + Level 3.7 Poison Magic


You had 7 spell levels left.
You knew the following spells:

 Your Spells              Type           Power      Damage    Failure   Level
a - Sting                 Tmut/Pois      40%        1d5       7%          1

Your spell library contained the following spells:

 Spells                   Type           Power      Damage    Failure   Level
 Poisonous Vapours        Pois/Air       14%        N/A       14%         2
 Mephitic Cloud           Conj/Pois/Air  5%         N/A       36%         3
 Olgreb's Toxic Radiance  Pois           13%        N/A       41%         4
 Confusing Touch          Hex            1%         N/A       54%         3
 Yara's Violent Unravell  Hex/Tmut       2%         3d3       99%         5
 Enfeeble                 Hex            0%         N/A       100%        7


Dungeon Overview and Level Annotations

Branches:
Dungeon (3/15)

Altars:


Innate Abilities, Weirdness & Mutations

You have a pair of horns on your head.
You have a small tail.
You are clumsy. (Dex -2)
Your flesh is heat resistant. (rF+)
Your natural rate of healing is unusually fast.


Message History

a +0 whip; a gnoll corpse The gnoll hits you from afar with a +0 spear.
You barely miss the orc.
The gnoll hits you from afar with a +0 spear!
The orc barely misses you.
You closely miss the orc. The gnoll completely misses you.
The orc hits you but does no damage. The gnoll barely misses you.
You barely miss the orc.
Your tail-slap misses the orc.
Your punch misses the orc.
The gnoll hits you from afar with a +0 spear.
The orc barely misses you. The gnoll closely misses you.
You whack the orc! You freeze the orc.
You kill the orc!
The gnoll closely misses you. x2
Casting: Sting (safe; 7% risk of failure)
Confirm with . or Enter, or press ? or * to list all spells.
Aiming: Sting (safe; 7% risk of failure)
Press: ? - help, Shift-Dir - straight line, f - gnoll
Aim: a gnoll, wielding a +0 spear (75% to hit)
The sting hits the gnoll.
The gnoll is poisoned.
The gnoll is lightly wounded.
You block the gnoll's attack. The gnoll closely misses you.
Casting: Sting (safe; 7% risk of failure)
Confirm with . or Enter, or press ? or * to list all spells.
Aiming: Sting (safe; 7% risk of failure)
Press: ? - help, Shift-Dir - straight line, f/p - gnoll
Aim: a gnoll, wielding a +0 spear (moderately wounded, poisoned, 75% to hit)
The sting hits the gnoll.
The gnoll looks even sicker.
The gnoll is heavily wounded.
The gnoll barely misses you. The gnoll closely misses you.
Casting: Sting (safe; 7% risk of failure)
Confirm with . or Enter, or press ? or * to list all spells.
Aiming: Sting (safe; 7% risk of failure)
Press: ? - help, Shift-Dir - straight line, f/p - gnoll
Aim: a gnoll, wielding a +0 spear (heavily wounded, very poisoned, 75% to hit)
The sting hits the gnoll.
The gnoll looks even sicker.
The gnoll is severely wounded.
The gnoll hits you from afar with a +0 spear.
The gnoll hits you from afar with a +0 halberd!
You die...

#...'.# #... #
###+####....#.######
##.#.....#.....#....#.#
.$#..[..#....##....#.#
.'.:.!.+...# #.....<#
#..[..#..####...####
#.gg..#.###.#.......
###)######..#...####
##..@..###...)...# #
##.....###....#...# #
##.....###.....#.### #
##...).###.....##.# #
#...†.###.....###.#
...####'#######'#####.#
......................#
..................#####
###################


You could see 2 gnolls.

Vanquished Creatures
  A gnoll (D:3)
  3 adders
  3 dart slugs
  2 orcs (D:3)
  2 bats
  4 endoplasms
  A giant cockroach (D:2)
  6 hobgoblins
  3 quokkas
  5 ball pythons
  2 frilled lizards
  9 goblins
  4 kobolds
  5 rats
50 creatures vanquished.

Notes
Turn   | Place    | Note
-------+----------+-------------------------------------------
     0 | D:1      | gobodom the Demonspawn Venom Mage began the quest for the
                  | Orb.
     0 | D:1      | Reached XP level 1. HP: 13/13 MP: 3/3
   106 | D:1      | Discovered your monstrous ancestry.
   106 | D:1      | Gained mutation: You have a pair of small horns on your
                  | head. [demonic ancestry]
   106 | D:1      | Reached XP level 2. HP: 13/19 MP: 3/5
   333 | D:1      | Reached skill level 1 in Transmutations
   336 | D:1      | Gained mutation: Your flesh is heat resistant. (rF+)
                  | [potion of mutation]
   336 | D:1      | Gained mutation: You are clumsy. (Dex -2) [potion of
                  | mutation]
   336 | D:1      | Gained mutation: You have a pair of horns on your head.
                  | [potion of mutation]
   336 | D:1      | Gained mutation: Your natural rate of healing is unusually
                  | fast. [potion of mutation]
   369 | D:1      | Found a faded altar of an unknown god.
   854 | D:2      | Gained mutation: You have a small tail. [demonic ancestry]
   854 | D:2      | Reached XP level 3. HP: 24/24 MP: 3/6
  1537 | D:3      | Reached XP level 4. HP: 30/30 MP: 7/7
  1573 | D:3      | Reached skill level 1 in Maces & Flails
  1585 | D:3      | Slain by a gnoll

Illustrated notes

Levels and vault maps discovered:
D:1:      dpeg_arrival_rhombus, layout_rooms, shapermc_ecumenical_altar_gd
D:2:      minmay_door_path, layout_basic, minmay_tromino_v4_b
D:3:      layout_basic, minmay_quadrilaterals

Skill      XL: |  1  2  3  4 |
---------------+-------------+-----
Transmutations | 1 |  1.6
Dodging        | 2 |  2.1
Stealth        | 2 |  2.0
Maces & Flails | 1 |  1.2
Fighting       | |  0.4
Shields        | |  0.1
Spellcasting   | |  2.5
Poison Magic   | |  3.7

Action                   |  1- 3 |  4- 6 || total
-------------------------+-------+-------++-------
Melee: Demon whip        |    67 |    17 ||    84
       Unarmed           |     2 |       ||     2
       Headbutt          |     8 |     1 ||     9
       Tailslap          |     2 |       ||     2
       Punch             |     1 |     1 ||     2
 Cast: Sting             |    27 |     3 ||    30
  Use: Scroll            |     5 |       ||     5
       Potion            |     4 |       ||     4
 Stab: Sleeping          |     3 |       ||     3
Armor: Robe              |    20 |     1 ||    21
Dodge: Dodged            |    39 |    17 ||    56
Block: Other             |    13 |     4 ||    17
       Reflection        |     1 |       ||     1
